 Dungeon Crawl Stone Soup version 0.24.0-125-gc4c63601f3 (webtiles) character file.

Game seed: 4250171268831541895, levelgen mode: deterministic

3008 Birungi the Thaumaturge (level 9, 0/45 HPs)
             Began as a Deep Elf Conjurer on Feb 18, 2020.
             Was a Follower of Sif Muna.
             Slain by a polar bear (1 damage)
             ... on level 8 of the Dungeon on Feb 20, 2020.
             The game lasted 00:48:04 (9387 turns).

Birungi the Thaumaturge (Deep Elf Conjurer)         Turns: 9387, Time: 00:48:06

Health: 0/45       AC:  7    Str:  5    XL:     9   Next: 54%
Magic:  7/25       EV: 13    Int: 24    God:    Sif Muna [*.....]
Gold:   429        SH:  0    Dex: 15    Spells: 11/29 levels left

rFire    x . .     SeeInvis .   f - +5 long sword
rCold    + . .     Gourm    .   (no shield)
rNeg     . . .     Faith    .   b - +2 robe {Archmagi}
rPois    .         Spirit   .   (no helmet)
rElec    .         Reflect  .   (no cloak)
rCorr    .         Harm     .   (no gloves)
MR       .....                  (no boots)
Stlth    ++........             (no amulet)
HPRegen  0.15/turn              m - +3 ring of protection
MPRegen  0.19/turn              D - ring of ice

@: no status effects
A: no striking features
a: Channel Magic, Renounce Religion


You were on level 8 of the Dungeon.
You worshipped Sif Muna.
Sif Muna was aware of your devotion.
You were very hungry.

You visited 2 branches of the dungeon, and saw 9 of its levels.

You collected 429 gold pieces.

Inventory:

Hand Weapons
 f - a +5 long sword (weapon)
Armour
 b - a +2 robe of the Archmagi (worn)
 l - +0 ice dragon scales
 w - a +0 buckler
 x - a +0 robe
Magical Staves
 z - an uncursed staff of cold
Jewellery
 m - a +3 ring of protection (left hand)
 D - a ring of ice (right hand)
Wands
 a - a wand of flame (28)
 t - a wand of paralysis (5)
 C - a wand of polymorph (5)
Scrolls
 g - a scroll of amnesia
 i - 3 scrolls of teleportation
 j - 2 scrolls of random uselessness
 k - a scroll of enchant weapon
 r - a scroll of fear
 y - a scroll of remove curse
Potions
 d - 2 potions of brilliance
 e - 3 potions of resistance
 h - 2 potions of lignification
 o - 2 potions of berserk rage
 p - a potion of flight
 q - 2 potions of mutation
 s - a potion of heal wounds {unknown}
 u - a potion of cancellation {unknown}
 v - a potion of curing {unknown}
Comestibles
 c - 11 rations


   Skills:
 - Level 2.4 Dodging
 - Level 2.4 Stealth
 + Level 10.9 Spellcasting
 - Level 8.1 Conjurations
 - Level 6.1 Hexes
 - Level 7.4 Translocations
 * Level 1.3 Invocations


You had 11 spell levels left.
You knew the following spells:

 Your Spells              Type           Power        Failure   Level  Hunger
a - Magic Dart            Conj           ####         1%          1    None
b - Searing Ray           Conj           ######       1%          2    None
c - Iskenderun's Mystic   Conj           ######..     1%          4    None
d - Force Lance           Conj/Tloc      ######..     1%          4    None
e - Fulminant Prism       Conj/Hex       ######....   2%          4    None
f - Dazzling Spray        Conj/Hex       ######       1%          3    None

Your spell library contained the following spells:

 Spells                   Type           Power        Failure   Level  Hunger


Dungeon Overview and Level Annotations

Branches:
Dungeon (8/15)             Temple (1/1) D:4
   Lair: D:8-11

Altars:
Ashenzari
Cheibriados
Dithmenos
Elyvilon
Fedhas
Gozag
Hepliaklqana
Kikubaaqudgha
Makhleb
Nemelex Xobeh
Okawaru
Qazlal
Ru
Sif Muna
Trog
Uskayaw
Vehumet
Xom
Yredelemnul
Zin
The Shining One

Shops:
D:5 (


Message History

Aim: a polar bear (severely wounded)
You feel a surge of power!
The searing ray hits the polar bear but does no damage.
The polar bear is severely wounded. (Press . to maintain the ray.)
The polar bear bites you!
The polar bear claws you but does no damage. x2
Casting: Searing Ray (safe; 1% risk of failure)
Confirm with . or Enter, or press ? or * to list all spells.
Aiming: Searing Ray (safe; 1% risk of failure)
Press: ? - help, Shift-Dir - straight line, f/p - polar bear
Aim: a polar bear (severely wounded)
You feel a surge of power!
The searing ray hits the polar bear but does no damage.
The polar bear is severely wounded. (Press . to maintain the ray.)
The polar bear bites you!
* * * LOW HITPOINT WARNING * * *
The polar bear completely misses you. The polar bear claws you.
You die...

#.....#####.##
#.....#......#
#............#
....D...####.#
..###..+####.#
##.......#
#.......#
##.......#
#..h@...##
#............#
###...########
#... ##.# ..
... #.##


You could see a polar bear and a steam dragon.

Vanquished Creatures
  Grinder (D:6)
  A hippogriff (D:7)
  Sigmund (D:6)
  Menkaure (D:5)
  Duvessa (D:5)
  An ice beast (D:8)
  An orc warrior (D:7)
  4 ogres
  A centaur (D:7)
  A big kobold (D:5)
  A bullfrog (D:7)
  A wyvern skeleton (D:6)
  A scorpion (D:4)
  Dowan (D:5)
  7 wights
  An electric eel (D:6)
  5 howler monkeys
  A crimson imp (D:5)
  3 centaur zombies
  A quasit (D:5)
  4 hounds
  3 orc priests
  Crazy Yiuf (D:6)
  A jelly (D:5)
  An iguana (D:3)
  4 orc wizards
  4 worker ants
  A hound skeleton (D:5)
  A worker ant zombie (D:6)
  9 adders
  A shadow imp (D:5)
  2 adder zombies
  An adder skeleton (D:4)
  A worm (D:2)
  2 dart slugs
  5 leopard geckos
  23 orcs
  A ball python (D:7)
  6 bats
  5 giant cockroaches
  6 goblins
  6 hobgoblins
  3 jackals (D:7)
  A quokka (D:2)
  5 frilled lizards
  13 kobolds
  A leopard gecko skeleton (D:7)
  6 rats
  2 fulminant prisms (D:6)
154 creatures vanquished.

Vanquished Creatures (others)
  8 fulminant prisms
8 creatures vanquished.

Grand Total: 162 creatures vanquished

Notes
Turn   | Place    | Note
-------+----------+-------------------------------------------
     0 | D:1      | Birungi the Deep Elf Conjurer began the quest for the Orb.
     0 | D:1      | Reached XP level 1. HP: 10/10 MP: 6/6
   329 | D:1      | Reached XP level 2. HP: 15/15 MP: 4/8
   564 | D:1      | Reached skill level 4 in Spellcasting
  1227 | D:2      | Reached XP level 3. HP: 19/19 MP: 6/11
  1424 | D:2      | Reached skill level 5 in Spellcasting
  1544 | D:2      | Learned a level 2 spell: Searing Ray
  1566 | D:2      | Reached skill level 5 in Conjurations
  1716 | D:2      | Reached XP level 4. HP: 20/24 MP: 7/13
  2043 | D:2      | Found an iron altar of Okawaru.
  2043 | D:2      | Found a snail-covered altar of Cheibriados.
  2043 | D:2      | Found a glowing golden altar of the Shining One.
  2460 | D:3      | Found a glowing silver altar of Zin.
  2472 | D:3      | Found a stormy altar of Qazlal.
  2616 | D:3      | Learned a level 4 spell: Iskenderun's Mystic Blast
  2896 | D:4      | Found a sparkling altar of Nemelex Xobeh.
  2902 | D:4      | Reached skill level 6 in Spellcasting
  2902 | D:4      | Reached XP level 5. HP: 28/28 MP: 9/15
  3251 | D:4      | Reached skill level 7 in Spellcasting
  3266 | D:4      | Reached XP level 6. HP: 32/32 MP: 9/18
  3508 | D:4      | Learned a level 4 spell: Force Lance
  3523 | D:4      | Found a shimmering blue altar of Sif Muna.
  3524 | D:4      | Found a basalt altar of Yredelemnul.
  3531 | D:4      | Became a worshipper of Sif Muna the Loreminder
  3595 | D:4      | Reached skill level 1 in Translocations
  3714 | D:4      | Found a shimmering altar of Xom.
  3773 | D:4      | Reached skill level 8 in Spellcasting
  3794 | D:4      | Reached XP level 7. HP: 16/36 MP: 12/20
  4051 | D:4      | Found a staircase to the Ecumenical Temple.
  4060 | D:4      | Found an opulent altar of Gozag.
  4068 | Temple   | Entered the Ecumenical Temple
  4353 | D:5      | Entered Level 5 of the Dungeon
  5450 | D:5      | Found Eqaimuh's Weapon Shoppe.
  5862 | D:6      | Noticed Menkaure
  6061 | D:5      | Killed Menkaure
  6061 | D:5      | Reached XP level 8. HP: 5/41 MP: 17/22
  6097 | D:5      | Learned a level 4 spell: Fulminant Prism
  6336 | D:6      | Noticed Duvessa
  6338 | D:6      | Reached skill level 9 in Spellcasting
  6338 | D:6      | Reached skill level 5 in Translocations
  6338 | D:6      | Noticed Dowan
  6468 | D:6      | Noticed Sigmund
  6471 | D:6      | Killed Sigmund
  6585 | D:6      | Noticed Grinder
  6595 | D:6      | Paralysed by Grinder for 2 turns
  6598 | D:6      | Killed Grinder
  6845 | D:5      | Reached * piety under Sif Muna
  6977 | D:5      | Killed Dowan
  6977 | D:5      | Killed Duvessa
  7121 | D:6      | Found a runed translucent door.
  7122 | D:6      | Noticed Crazy Yiuf
  7129 | D:6      | Killed Crazy Yiuf
  7514 | D:6      | Reached skill level 10 in Spellcasting
  7514 | D:6      | Reached XP level 9. HP: 38/45 MP: 13/25
  7600 | D:6      | Learned a level 3 spell: Dazzling Spray
  8045 | D:7      | Reached skill level 1 in Hexes
  8061 | D:7      | Found a white marble altar of Elyvilon.
  8831 | D:7      | Reached skill level 5 in Hexes
  9368 | D:8      | Reached skill level 1 in Invocations
  9378 | D:8      | Noticed a polar bear
  9387 | D:8      | HP: 1/45 [polar bear (14)]
  9387 | D:8      | Slain by a polar bear

Levels and vault maps discovered:
D:1:      noname_arrival_rooms_in_the_neighbourhood, layout_basic
D:2:      layout_loops_ring, gammafunk_temple_overflow_claw
D:3:      layout_basic, zin_statuary, nicolae_overflow_hidden_temple,
          serial_rivers, chequers_serial_rivers_large_a,
          chequers_serial_rivers_room_b, chequers_serial_rivers_micro_a,
          chequers_serial_rivers_room_b
D:4:      layout_basic, grunt_gozag_statues, grunt_temple_overflow_open,
          nicolae_overflow_crystal_walls, minmay_temple_entry_proselytizer
D:5:      layout_basic, first_ration, serial_shops,
          nicolae_shop_temple_entry_statues_fountains, solitary_fountain,
          st_stairs_7
D:6:      layout_cave_pools, minivault_4, glass_columns_a,
          uniq_crazy_yiuf_cottage, uniq_duvessa, uniq_sigmund, uniq_menkaure,
          uniq_grinder
D:7:      layout_loops_ring, elyvilon_altar_3, minmay_increasing_density
D:8:      layout_basic, serial_ice, serial_ice_a, serial_ice_f, serial_ice_j,
          serial_ice_c, serial_ice_m, serial_ice_b, serial_ice_g, serial_ice_d,
          serial_ice_e, serial_ice_o, serial_shops, nicolae_shop_statue_plus,
          nicolae_ru_sacrificial_ziggurat
Temple:   compressed_dpeg_circular_temple

Skill      XL: |  1  2  3  4  5  6  7  8  9 |
---------------+----------------------------+-----
Spellcasting   | 4 5 6 7 8 10 | 10.9
Conjurations   | 5 6 7 8 |  8.1
Translocations | 2 4 7 |  7.4
Hexes          | 6 |  6.1
Invocations    | 1 |  1.3
Dodging        | |  2.4
Stealth        | |  2.4

Action                   |  1- 3 |  4- 6 |  7- 9 || total
-------------------------+-------+-------+-------++-------
Melee: Short sword       |     1 |     8 |       ||     9
       Long sword        |       |       |     2 ||     2
 Cast: Magic Dart        |    66 |    91 |   137 ||   294
       Searing Ray       |     1 |     8 |    44 ||    53
       Iskenderun's Myst |       |       |    35 ||    35
       Fulminant Prism   |       |       |    10 ||    10
       Dazzling Spray    |       |       |     4 ||     4
       Force Lance       |       |       |     1 ||     1
  Use: Scroll            |       |       |    18 ||    18
 Stab: Sleeping          |     1 |       |     1 ||     2
  Eat: Chunk             |     2 |     3 |    14 ||    19
       Ration            |       |     1 |     1 ||     2
Armor: Robe              |     4 |     3 |    23 ||    30
Dodge: Dodged            |     8 |    20 |    75 ||   103
       Rpst.: Long sword |       |       |     7 ||     7
